 Dungeon Crawl Stone Soup version 0.26-a0-547-g695e311587 (webtiles) character file.

Game seed: 5480583274354012269

13159 Aksej the Blocker (level 12, 0/144 HPs)
             Began as a Gnoll Fighter on Aug 20, 2020.
             Was a High Priest of Qazlal.
             Slain by a skeletal warrior
             ... wielding a +0 halberd
             ... led by a skeletal warrior
              (7 damage)
             ... on level 12 of the Dungeon.
             The game lasted 00:29:34 (10835 turns).

Aksej the Blocker (Gnoll Fighter)                  Turns: 10835, Time: 00:29:34

Health: 0/144      AC: 21    Str: 19    XL:     12   Next: 3%
Magic:  22/22      EV: 14    Int: 18    God:    Qazlal [*****.]
Gold:   653        SH:  7    Dex: 18    Spells: 22/24 levels left

rFire    + + .     SeeInvis .   a - +4 dire flail (drain)
rCold    . . .     Faith    +   (shield currently unavailable)
rNeg     + . .     Spirit   .   i - +4 scale mail {rN+}
rPois    .         Reflect  .   (no helmet)
rElec    .         Harm     .   x - +1 cloak
rCorr    .                      (no gloves)
MR       .....                  E - +0 pair of boots (curse)
Stlth    ..........             A - amulet of faith
HPRegen  0.34/turn              s - ring of protection from fire
MPRegen  0.18/turn              c - +6 ring of intelligence

@: berserking (expiring), protected from physical damage, hasted, repel
missiles, very quick
A: distributed training, fangs 1, icy blue scales 1, fire resistance 1, sense
surroundings 1, strong nose
a: Upheaval, Elemental Force, Disaster Area, Renounce Religion


You were on level 12 of the Dungeon.
You worshipped Qazlal.
Qazlal was extremely pleased with you.
You visited 2 branches of the dungeon, and saw 13 of its levels.
You also visited: Sewer and Ossuary.

You collected 653 gold pieces.

Inventory:

Hand Weapons
 a - a +4 dire flail of draining (weapon)
Missiles
 D - a javelin (quivered)
Armour
 i - a +4 scale mail of positive energy (worn)
 x - a +1 cloak (worn)
 E - a cursed +0 pair of boots (worn)
Jewellery
 c - a +6 ring of intelligence (right hand)
 k - an uncursed ring of flight
 s - a ring of protection from fire (left hand)
 A - an amulet of faith (around neck)
 B - an uncursed ring of resist corrosion
Wands
 j - a wand of digging (5)
 q - a wand of flame (17)
 r - a wand of disintegration (9)
 y - a wand of iceblast (13)
Scrolls
 f - 10 scrolls of remove curse
 l - 5 scrolls of amnesia
 n - 10 scrolls of teleportation
 t - 4 scrolls of identify
 u - a scroll of blinking
 v - 3 scrolls of fear
 z - 2 scrolls of magic mapping
Potions
 b - 4 potions of brilliance
 d - 2 potions of might
 e - a potion of cancellation
 g - 2 potions of berserk rage
 h - a potion of invisibility
 m - 8 potions of curing
 o - a potion of lignification
 p - 6 potions of flight
 w - 2 potions of stabbing


   Skills:
 + Level 9.5 Fighting
 + Level 6.8 Short Blades
 + Level 6.8 Long Blades
 + Level 8.3 Axes
 + Level 6.8 Maces & Flails
 + Level 6.8 Polearms
 + Level 6.8 Staves
 + Level 6.8 Slings
 + Level 6.8 Bows
 + Level 6.8 Crossbows
 + Level 6.8 Throwing
 + Level 9.5 Armour
 + Level 6.8 Dodging
 + Level 6.8 Stealth
 + Level 9.5 Shields
 + Level 6.8 Unarmed Combat
 + Level 6.8 Spellcasting
 + Level 5.7 Conjurations
 + Level 5.7 Hexes
 + Level 5.7 Summonings
 + Level 5.7 Necromancy
 + Level 5.7 Translocations
 + Level 5.7 Transmutations
 + Level 5.7 Fire Magic
 + Level 5.7 Ice Magic
 + Level 5.7 Air Magic
 + Level 5.7 Earth Magic
 + Level 5.7 Poison Magic
 + Level 7.5 Invocations
 + Level 6.8 Evocations


You had 22 spell levels left.
You knew the following spells:

 Your Spells              Type           Power        Failure   Level
a - Blink                 Tloc           N/A          4%          2

Your spell library contained the following spells:

 Spells                   Type           Power        Failure   Level
 Magic Dart               Conj           ####         2%          1
 Call Imp                 Summ           ####....     4%          2
 Searing Ray              Conj           ####..       4%          2
 Slow                     Hex            ####....     4%          2
 Conjure Flame            Conj/Fire      ####....     8%          3
 Dazzling Flash           Conj/Hex       ####..       8%          3
 Mephitic Cloud           Conj/Pois/Air  ####....     8%          3
 Fulminant Prism          Conj/Hex       ####......   26%         4
 Iskenderun's Mystic Bla  Conj/Tloc      ####....     26%         4


Dungeon Overview and Level Annotations

Branches:
Dungeon (12/15)            Temple (1/1) D:6            Lair (0/6) D:9
    Orc (0/2) D:11          Sewer (visited)         Ossuary (visited)

Altars:
Ashenzari
Cheibriados
Dithmenos
Gozag
Hepliaklqana
Kikubaaqudgha
Makhleb
Qazlal
Ru
Sif Muna
Trog
Uskayaw
Vehumet
Wu Jian
Xom
The Shining One

Shops:
D:7 (

Annotations:
D:10 3 runed translucent doors, Hasy's ghost, journeyman FoFi


Innate Abilities, Weirdness & Mutations

Your experience applies equally to all skills.
You have very sharp teeth.
Your uncanny sense of smell can sniff out nearby items.
You are partially covered in icy blue scales. (AC +2)
Your flesh is heat resistant. (rF+)
You passively map a small area around you.


Message History

The skeletal warrior hits you with a +0 mace!
* * * LOW HITPOINT WARNING * * *
You barely miss the skeletal warrior.
The skeletal warrior is severely damaged.
You block the skeletal warrior's attack.
You closely miss the skeletal warrior.
The skeletal warrior is severely damaged.
The skeletal warrior barely misses you.
You sock the skeletal warrior!
The skeletal warrior is almost destroyed.
The skeletal warrior hits you from afar with a +0 halberd!
* * * LOW HITPOINT WARNING * * *
You feel more protected from physical attacks.
You hit the skeletal warrior but do no damage.
You bite the skeletal warrior, but do no damage.
The skeletal warrior is almost destroyed.
The skeletal warrior hits you with a +0 mace!
* * * LOW HITPOINT WARNING * * *
The skeletal warrior hits you from afar with a +0 halberd!
You die...

* ,
#..####†######.######.#<
, * ,, #.######[# #.#. ,
#......#.# #.#† , *
#..###.#.# #.#. , ,
#....#.#.# #.#. ,
#.#..####.##.#.#.# *
#.#. . #.#............#
, ,,## #.
####.#..#####○#.### * *
*# #)# #..... #uzz@.#.#
# ..z.#.##.####z###.#.#
# ##=z#.##)#.zz.#...#.#
# #...z.z.....###.#.#.#
# ∆.#.#.........#.#.# #
#........####.#.# #
#..###(#.#......#.# # ,
#......#.######## * #
**#...##.#.. , ∆, #


You could see a cyan ugly thing and 3 skeletal warriors.

Vanquished Creatures
  A two-headed ogre (D:11)
  Urug (D:11)
  Sonja (D:10)
  A skeletal warrior (D:12)
  An unseen horror (D:11)
  An ugly thing (D:11)
  Maggie (D:7)
  A komodo dragon (D:9)
  2 hippogriffs
  Prince Ribbit (D:8)
  Sigmund (D:2)
  A shadow (D:9)
  A wyvern (D:12)
  13 yaks
  A wraith (Ossuary)
  Edmund (D:5)
  A warg (D:11)
  A water moccasin (D:11)
  Duvessa (D:4)
  A hornet zombie (D:6)
  10 orc warriors
  4 ice beasts
  2 sky beasts
  2 phantoms
  5 ogres
  A centaur (D:11)
  4 big kobolds
  A crocodile (D:9)
  8 bullfrogs
  Blork the orc (D:5)
  A wyvern zombie (D:12)
  Dowan (D:4)
  A scorpion (D:10)
  A water moccasin skeleton (D:8)
  9 killer bees
  8 wights (D:7)
  A howler monkey (D:6)
  2 centaur zombies (D:11)
  2 quasits
  3 bullfrog skeletons
  2 bullfrog zombies
  A centaur skeleton (D:4)
  4 jellies
  9 orc priests
  5 hounds
  10 orc wizards
  Ijyb (D:4)
  3 iguanas
  9 worker ants
  Terence (D:2)
  2 hound zombies
  A hound skeleton (D:11)
  A mummy (Ossuary)
  3 gnolls (D:7)
  A howler monkey skeleton (D:11)
  10 adders
  3 shadow imps
  3 white imps
  2 oozes
  3 adder zombies
  An adder skeleton (D:9)
  4 worms (D:4)
  6 leopard geckos
  38 orcs
  9 giant cockroaches
  7 goblins
  3 hobgoblins
  10 jackals
  2 quokkas (D:6)
  4 ball pythons
  10 bats
  7 frilled lizards
  9 gnoll skeletons (Ossuary)
  A jackal skeleton (D:6)
  24 kobolds
  4 kobold skeletons (Ossuary)
  A leopard gecko skeleton (D:5)
  A leopard gecko zombie (D:5)
  12 orc skeletons (Ossuary)
  A quokka skeleton (D:8)
  5 rats
333 creatures vanquished.

Vanquished Creatures (others)
  A jackal (D:10)
  A kobold (D:10)
  6 plants
8 creatures vanquished.

Grand Total: 341 creatures vanquished

Notes
Turn   | Place    | Note
-------+----------+-------------------------------------------
     0 | D:1      | Aksej the Gnoll Fighter began the quest for the Orb.
     0 | D:1      | Reached XP level 1. HP: 23/23 MP: 1/1
   134 | D:1      | Reached XP level 2. HP: 27/29 MP: 2/2
   444 | D:2      | Reached XP level 3. HP: 31/35 MP: 3/3
   621 | D:2      | Noticed Terence
   638 | D:2      | Killed Terence
   638 | D:2      | Reached skill level 1 in Short Blades
   638 | D:2      | Reached skill level 1 in Long Blades
   638 | D:2      | Reached skill level 1 in Maces & Flails
   638 | D:2      | Reached skill level 1 in Polearms
   638 | D:2      | Reached skill level 1 in Staves
   638 | D:2      | Reached skill level 1 in Slings
   638 | D:2      | Reached skill level 1 in Bows
   638 | D:2      | Reached skill level 1 in Crossbows
   638 | D:2      | Reached skill level 1 in Throwing
   638 | D:2      | Reached skill level 1 in Dodging
   638 | D:2      | Reached skill level 1 in Stealth
   638 | D:2      | Reached skill level 1 in Unarmed Combat
   638 | D:2      | Reached skill level 1 in Spellcasting
   638 | D:2      | Reached skill level 1 in Invocations
   638 | D:2      | Reached skill level 1 in Evocations
   820 | D:2      | Noticed Sigmund
   832 | D:2      | Killed Sigmund
   832 | D:2      | Reached skill level 1 in Conjurations
   832 | D:2      | Reached skill level 1 in Hexes
   832 | D:2      | Reached skill level 1 in Summonings
   832 | D:2      | Reached skill level 1 in Necromancy
   832 | D:2      | Reached skill level 1 in Translocations
   832 | D:2      | Reached skill level 1 in Transmutations
   832 | D:2      | Reached skill level 1 in Fire Magic
   832 | D:2      | Reached skill level 1 in Ice Magic
   832 | D:2      | Reached skill level 1 in Air Magic
   832 | D:2      | Reached skill level 1 in Earth Magic
   832 | D:2      | Reached skill level 1 in Poison Magic
   832 | D:2      | Reached XP level 4. HP: 24/41 MP: 4/6
   832 | D:2      | Reached XP level 5. HP: 28/47 MP: 4/7
  1122 | D:2      | Found a snail-covered altar of Cheibriados.
  1458 | D:3      | Reached XP level 6. HP: 53/53 MP: 8/8
  2042 | D:4      | Found a sand-covered staircase.
  2047 | Ossuary  | Entered an ossuary
  2047 | Ossuary  | Noticed a wraith
  2047 | Ossuary  | Noticed a wraith
  2047 | Ossuary  | Noticed a wraith
  2094 | Ossuary  | Noticed a wraith
  2112 | Ossuary  | Killed a wraith
  2112 | Ossuary  | Reached skill level 5 in Axes
  2378 | D:4      | Reached XP level 7. HP: 59/59 MP: 10/10
  2467 | D:4      | Noticed Ijyb
  2481 | D:4      | Killed Ijyb
  2491 | D:4      | Found a glowing drain.
  2505 | Sewer    | Entered a sewer
  3498 | D:4      | Noticed Duvessa
  3498 | D:4      | Noticed Dowan
  3512 | D:4      | Killed Duvessa
  3526 | D:4      | Killed Dowan
  3526 | D:4      | Reached XP level 8. HP: 49/67 MP: 12/12
  3941 | D:5      | Entered Level 5 of the Dungeon
  3996 | D:5      | Found a bloodstained altar of Trog.
  4038 | D:5      | Gained mutation: You are partially covered in icy blue
                  | scales. (AC +2) [potion of mutation]
  4038 | D:5      | Gained mutation: Your flesh is heat resistant. (rF+)
                  | [potion of mutation]
  4038 | D:5      | Gained mutation: You passively map a small area around you.
                  | [potion of mutation]
  4357 | D:5      | Noticed Edmund
  4364 | D:5      | Killed Edmund
  4376 | D:5      | Noticed Blork the orc
  4396 | D:5      | Killed Blork the orc
  4679 | D:6      | Found a staircase to the Ecumenical Temple.
  4696 | Temple   | Entered the Ecumenical Temple
  4740 | Temple   | Became a worshipper of Qazlal Stormbringer
  4943 | D:6      | Found a snail-covered altar of Cheibriados.
  4990 | D:6      | Reached XP level 9. HP: 73/73 MP: 14/14
  5331 | D:7      | Reached * piety under Qazlal
  5418 | D:7      | Noticed Maggie
  5432 | D:7      | Killed Maggie
  5594 | D:7      | Reached skill level 5 in Invocations
  5601 | D:7      | Reached ** piety under Qazlal
  6012 | D:7      | Found Astei's Weapon Shop.
  6183 | D:7      | Reached XP level 10. HP: 70/80 MP: 17/17
  6578 | D:7      | Reached skill level 5 in Short Blades
  6578 | D:7      | Reached skill level 5 in Long Blades
  6578 | D:7      | Reached skill level 5 in Maces & Flails
  6578 | D:7      | Reached skill level 5 in Polearms
  6578 | D:7      | Reached skill level 5 in Staves
  6578 | D:7      | Reached skill level 5 in Slings
  6578 | D:7      | Reached skill level 5 in Bows
  6578 | D:7      | Reached skill level 5 in Crossbows
  6578 | D:7      | Reached skill level 5 in Throwing
  6578 | D:7      | Reached skill level 5 in Dodging
  6578 | D:7      | Reached skill level 5 in Stealth
  6578 | D:7      | Reached skill level 5 in Unarmed Combat
  6578 | D:7      | Reached skill level 5 in Spellcasting
  6578 | D:7      | Reached skill level 5 in Evocations
  6912 | D:8      | Noticed Prince Ribbit
  6927 | D:8      | Killed Prince Ribbit
  7124 | D:8      | Found a shadowy altar of Dithmenos.
  7190 | D:8      | Reached *** piety under Qazlal
  7536 | D:9      | Found a staircase to the Lair.
  7834 | D:9      | Found a shimmering blue altar of Sif Muna.
  7834 | D:9      | Found an ornate altar of the Wu Jian Council.
  7889 | D:9      | Reached **** piety under Qazlal
  8060 | D:9      | Learned a level 2 spell: Blink
  8247 | D:10     | Entered Level 10 of the Dungeon
  8274 | D:10     | Noticed Sonja
  8282 | D:10     | Reached ***** piety under Qazlal
  8294 | D:9      | Reached XP level 11. HP: 38/87 MP: 19/19
  8566 | D:10     | Killed Sonja
  8566 | D:10     | Reached skill level 5 in Conjurations
  8566 | D:10     | Reached skill level 5 in Hexes
  8566 | D:10     | Reached skill level 5 in Summonings
  8566 | D:10     | Reached skill level 5 in Necromancy
  8566 | D:10     | Reached skill level 5 in Translocations
  8566 | D:10     | Reached skill level 5 in Transmutations
  8566 | D:10     | Reached skill level 5 in Fire Magic
  8566 | D:10     | Reached skill level 5 in Ice Magic
  8566 | D:10     | Reached skill level 5 in Air Magic
  8566 | D:10     | Reached skill level 5 in Earth Magic
  8566 | D:10     | Reached skill level 5 in Poison Magic
  8919 | D:10     | Found a radiant altar of Vehumet.
  9002 | D:10     | Found a runed translucent gate.
  9002 | D:10     | Found a runed translucent gate.
  9002 | D:10     | Found a runed translucent gate.
  9003 | D:10     | Noticed a nine-headed hydra
  9003 | D:10     | Noticed a 12-headed hydra
  9004 | D:10     | Noticed Hasy's ghost (journeyman FoFi)
  9387 | D:11     | Killed an unseen horror
  9458 | D:11     | Noticed a purple ugly thing
  9472 | D:11     | Killed a purple ugly thing
  9900 | D:11     | Found a staircase to the Orcish Mines.
  9941 | D:11     | Noticed Urug
  9961 | D:11     | Killed Urug
 10168 | D:11     | Noticed a two-headed ogre
 10173 | D:11     | Killed a two-headed ogre
 10763 | D:12     | Noticed a skeletal warrior
 10765 | D:12     | Noticed a skeletal warrior
 10765 | D:12     | Noticed a cyan ugly thing
 10765 | D:12     | Noticed a skeletal warrior
 10766 | D:12     | Noticed a skeletal warrior
 10768 | D:12     | Noticed a skeletal warrior
 10811 | D:12     | Killed a skeletal warrior
 10811 | D:12     | Reached XP level 12. HP: 71/96 MP: 22/22
 10835 | D:12     | HP: 7/144 [skeletal warrior/+0 mace[a skeletal warrior]
                  | (12)]
 10835 | D:12     | Slain by a skeletal warrior

Illustrated notes

Levels and vault maps discovered:
D:1:      dpeg_arrival_orchard, layout_rooms
D:2:      layout_basic, old_standard_altar, uniq_terence, uniq_sigmund
D:3:      layout_loops_ring
D:4:      layout_loops_cross, nicolae_ossuary_entry_false_entrances,
          cheibrodos_sewer_entry_bend, uniq_ijyb, uniq_duvessa
D:5:      layout_rooms, overflow_temple_1_default, uniq_edmund,
          uniq_blork_the_orc
D:6:      layout_basic, minmay_temple_entry_gardened_gates, cheibriados_altar_1
D:7:      layout_cave_pods, serial_shops, shop, uniq_maggie
D:8:      layout_basic, grunt_dithmenos_shadows, uniq_prince_ribbit1
D:9:      layout_basic, gammafunk_temple_overflow_wave, david_lair_shrubbed
D:10:     layout_rooms, gammafunk_ghost_hydra_chop, basic_altar,
          due_unseen_surprise, uniq_sonja
D:11:     layout_loops_ring, erik_orc_3, uniq_urug
D:12:     layout_basic, serial_shops, nicolae_shop_overgrown_old_shop
Temple:   hc_temple_tempest_star

Skill      XL: |  1  2  3  4  5  6  7  8  9 10 11 |
---------------+----------------------------------+-----
Short Blades   | 1 2 3 4 5 6 |  6.8
Long Blades    | 1 2 3 4 5 6 |  6.8
Maces & Flails | 1 2 3 4 5 6 |  6.8
Polearms       | 1 2 3 4 5 6 |  6.8
Staves         | 1 2 3 4 5 6 |  6.8
Slings         | 1 2 3 4 5 6 |  6.8
Bows           | 1 2 3 4 5 6 |  6.8
Crossbows      | 1 2 3 4 5 6 |  6.8
Throwing       | 1 2 3 4 5 6 |  6.8
Dodging        | 1 2 3 4 5 6 |  6.8
Stealth        | 1 2 3 4 5 6 |  6.8
Unarmed Combat | 1 2 3 4 5 6 |  6.8
Spellcasting   | 1 2 3 4 5 6 |  6.8
Invocations    | 1 2 3 4 5 6 7 |  7.5
Evocations     | 1 2 3 4 5 6 |  6.8
Conjurations   | 1 2 3 4 5 |  5.7
Hexes          | 1 2 3 4 5 |  5.7
Summonings     | 1 2 3 4 5 |  5.7
Necromancy     | 1 2 3 4 5 |  5.7
Translocations | 1 2 3 4 5 |  5.7
Transmutations | 1 2 3 4 5 |  5.7
Fire Magic     | 1 2 3 4 5 |  5.7
Ice Magic      | 1 2 3 4 5 |  5.7
Air Magic      | 1 2 3 4 5 |  5.7
Earth Magic    | 1 2 3 4 5 |  5.7
Poison Magic   | 1 2 3 4 5 |  5.7
Axes           | 5 6 7 8 |  8.3
Fighting       | 7 8 9 |  9.5
Armour         | 7 8 9 |  9.5
Shields        | 7 8 9 |  9.5

Action                   |  1- 3 |  4- 6 |  7- 9 | 10-12 || total
-------------------------+-------+-------+-------+-------++-------
Melee: War axe           |    72 |   110 |   148 |       ||   330
       Bite              |     6 |    10 |    47 |    59 ||   122
       Dire flail        |       |       |   196 |   518 ||   714
Throw: Boomerang         |       |       |    60 |       ||    60
       Javelin           |       |       |       |    12 ||    12
Evoke: Wand              |       |       |       |     1 ||     1
  Use: Scroll            |     7 |     7 |     8 |     5 ||    27
       Potion            |       |       |     6 |     4 ||    10
 Stab: Distracted        |       |       |       |     1 ||     1
Armor: Scale mail        |    25 |    38 |   183 |   241 ||   487
Dodge: Dodged            |    15 |    31 |   220 |   334 ||   600
Block: Kite shield       |    23 |    69 |    73 |       ||   165
       Other             |       |       |    11 |   145 ||   156

Table legend: (Time is in decaauts)
 A = Elapsed time spent in this place.
 B = Non-inter-level travel time spent in this place.
 C = Inter-level travel time spent in this place.
 D = Time resting spent in this place.
 E = Time spent auto-exploring this place.
 F = Levels seen in this place.
 G = Mean time per level.
                   A        B        C        D        E       F      G
               +--------+--------+--------+--------+--------+-----+--------+
         Total |  11058 |  10839 |    219 |    158 |   8489 |  15 |  737.2 |
       Dungeon |   9949 |   9745 |    204 |     42 |   7756 |  12 |  829.1 |
        Temple |     60 |     45 |     15 |      0 |     36 |   1 |   60.0 |
         Sewer |    726 |    726 |      0 |    116 |    479 |   1 |  726.0 |
       Ossuary |    321 |    321 |      0 |      0 |    218 |   1 |  321.0 |
               +--------+--------+--------+--------+--------+-----+--------+

Top non-repeatable levels by time:
     D:7: 1742 daAuts
    D:11: 1441 daAuts
     D:4: 994 daAuts
     D:2: 989 daAuts
     D:9: 989 daAuts
     D:5: 742 daAuts
   Sewer: 726 daAuts
    D:10: 652 daAuts
     D:3: 635 daAuts
     D:8: 632 daAuts
     D:1: 455 daAuts
     D:6: 453 daAuts
 Ossuary: 321 daAuts
    D:12: 219 daAuts
  Temple: 60 daAuts
